 Dungeon Crawl Stone Soup version 0.26.1-11-gd32895ea62 (webtiles) character file.

Game seed: 3070846728613344787

13008 Bliebski the Martial Artist (level 12, -8/80 (84) HPs)
             Began as an Octopode Transmuter on Apr 30, 2021.
             Was an Initiate of Gozag.
             Mangled by a wraith (10 damage)
             ... led by Josephine
             ... on level 11 of the Dungeon on May 2, 2021.
             The game lasted 01:08:12 (17255 turns).

Bliebski the Martial Artist (Octopode Transmuter)  Turns: 17255, Time: 01:08:14

HP:   -8/80 (84)    AC:  2    Str: 11    XL:     12   Next: 1%
MP:   30/30         EV: 22    Int: 23    God:    Gozag
Gold: 526           SH:  5    Dex: 23    Spells: 13/23 levels left

rFire    + . .     SeeInvis +     - Unarmed
rCold    + . .     Faith    .   (no shield)
rNeg     . . .     Spirit   .   (helmet currently unavailable)
rPois    .         Reflect  +   G - amulet of reflection
rElec    +         Harm     .   m - ring of stealth
rCorr    .         Rampage  .   n - +6 ring of dexterity
Will     .....                  a - ring of see invisible (curse)
Stlth    ++++......             D - +6 ring of intelligence (curse)
HPRegen  0.23/turn              R - ring of the Ten Tables {rElec rF+ rC+}
MPRegen  0.22/turn              V - ring of the Octopus King {MP+9 AC+1 EV+1 Str+1 Int+1 Dex+1}
                                (no ring)
                                (no ring)

@: appendages, slowed, lightly drained, very slow
A: almost no armour, stealthy swim, amphibious, 8 rings, constrict 8, tentacle
spike 3, camouflage 1, gelatinous body 1
a: End Transformation, Renounce Religion, Potion Petition, Call Merchant, Bribe
Branch


You were on level 11 of the Dungeon.
You worshipped Gozag.
Gozag was pleased with you.
One of your tentacles had a temporary spike.
You visited 2 branches of the dungeon, and saw 12 of its levels.
You also visited: Sewer and Bailey.

You collected 2669 gold pieces.
You spent 1523 gold pieces at shops.
You paid 620 gold pieces to Gozag.

Inventory:

Hand Weapons
 h - a +1 dagger of electrocution
 o - the +9 heavy crossbow "Sniper" {vorpal, Acc+∞ SInv}
   (You found it in a sewer)

   Any bolt fired from it inflicts extra damage.
   It lets you see invisible.
 x - a +1 spectral quarterstaff
 H - a +0 rapier of speed
 S - a +2 whip of electrocution
Missiles
 g - 444 stones (quivered)
 y - 43 bolts
Armour
 U - a +0 hat (melded)
Magical Staves
 Q - an uncursed staff of conjuration {unknown}
Jewellery
 a - a cursed ring of see invisible (on tentacle)
 m - a ring of stealth (left tentacle)
 n - a +6 ring of dexterity (right tentacle)
 D - a cursed +6 ring of intelligence (on tentacle)
 G - an amulet of reflection (around mantle)
 K - an uncursed ring of flight
 R - the ring of the Ten Tables (on tentacle) {rElec rF+ rC+}
   (You bought it in a shop on level 10 of the Dungeon)

   [ring of protection from cold]

   It protects you from fire.
   It protects you from cold.
   It insulates you from electricity.
 V - a ring of the Octopus King (on tentacle) {MP+9 AC+1 EV+1 Str+1 Int+1 Dex+1}
   (You bought it in a shop on level 10 of the Dungeon)

   [ring of magical power]

   It affects your AC (+1).
   It affects your evasion (+1).
   It affects your strength (+1).
   It affects your intelligence (+1).
   It affects your dexterity (+1).
   It affects your magic capacity (+9).
Wands
 v - a wand of disintegration (11)
 B - a wand of paralysis (3)
 C - a wand of flame (10)
 P - a wand of acid (8)
Scrolls
 b - 6 scrolls of identify
 c - 4 scrolls of amnesia {unknown}
 d - 5 scrolls of teleportation
 l - 5 scrolls of immolation
 p - 3 scrolls of enchant weapon
 w - 3 scrolls of remove curse
 A - a scroll of holy word {unknown}
 E - a scroll of blinking {unknown}
 L - a scroll of vulnerability {unknown}
 M - 4 scrolls of enchant armour
 N - 2 scrolls of fog
 O - 2 scrolls of magic mapping
 T - a scroll of acquirement {unknown}
Potions
 e - 2 potions of haste
 f - 2 potions of attraction
 i - a potion of invisibility {unknown}
 k - 2 potions of lignification
 q - 6 potions of curing
 r - 4 potions of degeneration
 t - 2 potions of heal wounds
 u - a potion of berserk rage {unknown}
 z - 3 potions of magic
 F - a potion of brilliance {unknown}
 I - a potion of cancellation {unknown}
 J - a potion of ambrosia {unknown}
Miscellaneous
 j - a condenser vane


   Skills:
 + Level 8.4 Fighting
 + Level 6.6 Crossbows
 + Level 8.7 Dodging
 + Level 8.9 Unarmed Combat
 - Level 6.0 Spellcasting
 - Level 4.0 Translocations
 + Level 7.5 Transmutations


You had 13 spell levels left.
You knew the following spells:

 Your Spells              Type           Power        Failure   Level
a - Beastly Appendage     Tmut           82%          1%          1
b - Spider Form           Tmut/Pois      12%          5%          3
c - Ice Form              Ice/Tmut       24%          19%         4
d - Blink                 Tloc           N/A          2%          2

Your spell library contained the following spells:

 Spells                   Type           Power        Failure   Level
 Wereblood                Tmut           41%          1%          2
 Animate Skeleton         Necr           12%          9%          1
 Magic Dart               Conj           24%          9%          1
 Pain                     Necr           24%          9%          1
 Blade Hands              Tmut           20%          11%         5
 Call Imp                 Summ           6%           13%         2
 Poisonous Vapours        Pois/Air       12%          13%         2
 Slow                     Hex            6%           13%         2
 Conjure Flame            Conj/Fire      6%           26%         3
 Mephitic Cloud           Conj/Pois/Air  6%           26%         3
 Vampiric Draining        Necr           3%           26%         3
 Animate Dead             Necr           3%           63%         4
 Agony                    Necr           6%           93%         5
 Freezing Cloud           Conj/Ice/Air   3%           100%        6


Dungeon Overview and Level Annotations

Branches:
Dungeon (11/15)            Temple (1/1) D:5            Lair (0/6) D:11
  Sewer (visited)          Bailey (visited)
    Orc: D:9-12

Altars:
Ashenzari
Dithmenos
Gozag
Makhleb
Okawaru
Qazlal
Sif Muna
Trog
Uskayaw
Wu Jian
Xom
Yredelemnul
Zin

Shops:
D:10 =?:}   D:11 !([(

Annotations:
D:4 exclusion: phantom
D:10 exclusion: downstairs
D:11 Josephine


Innate Abilities, Weirdness & Mutations

You cannot wear most types of armour.
You are very stealthy in the water. (Stealth+)
You are amphibious.
You can wear up to eight rings at the same time.
You can use your tentacles to constrict eight enemies at once.
Your skin changes colour to match your surroundings (Stealth+).
Your rubbery body absorbs attacks. (AC +1, EV +1)
One of your tentacles bears a large vicious spike.


Message History

Save game and exit?
Okay, then.
You constrict Josephine. The wraith hits you!
* * * LOW HITPOINT WARNING * * *
The wraith closely misses you. Josephine completely misses you.
The wraith completely misses you. Josephine barely misses you.
You block the wraith's attack.
You feel much better.
You constrict Josephine. Josephine casts a spell at you.
The ghostly flame explodes!
The ghostly fireball engulfs you!!
You feel drained.
* * * LOW HITPOINT WARNING * * *
The ghostly fireball engulfs the wraith.
The wraith completely resists.
The ghostly fireball engulfs the wraith.
The wraith completely resists.
The ghostly fireball engulfs Josephine.
Josephine completely resists.
The wraith closely misses you. The wraith hits you!
You die...
Your body crumbles into a pile of gold.

≈≈≈≈....#......##.#..##....##....
≈≈≈.≈..........##.'..##....######
≈≈≈≈≈.............#####....#.....
≈≈.≈≈.......####### #....#....)
≈...........# #######.....
≈≈.......(..# #...........
#######.....# ########......#####
############# #.........###.#
.........# #W@.......# #.#
.........# #W@####...###.#
###############(W...........#
##### ..........>.##########
....# ##..........# ....#
#.....####.# ....# .....∩. #.#
##### ....(.. ..# .....(. ...


You could see Josephine and 3 wraiths.

Vanquished Creatures
  Harold (D:11)
  3 two-headed ogres
  Pikel (D:5)
  An orc knight (Bailey)
  2 ugly things (D:10)
  A manticore (D:11)
  3 trolls
  Grinder (D:5)
  2 wyverns
  2 soldier ants
  3 ice beasts
  7 orc warriors
  3 sky beasts
  3 eyes of draining (D:10)
  3 ogres
  3 phantoms
  3 wolves
  2 necrophages
  2 centaurs
  2 lemures (D:5)
  4 big kobolds
  Blork the orc (D:6)
  5 bullfrogs
  12 killer bees
  2 scorpions
  4 wights (D:10)
  4 howler monkeys
  6 electric eels
  3 bullfrog zombies
  4 centaur zombies
  A quasit (D:7)
  2 bullfrog skeletons (D:11)
  2 jellies (D:9)
  4 centaur skeletons
  A gnoll shaman (D:5)
  8 orc priests
  6 hounds
  5 orc wizards
  Jessica (D:3)
  4 iguanas
  Natasha (thrice) (D:3)
  8 worker ants
  2 hound skeletons
  A hound zombie (D:8)
  Robin (D:3)
  6 gnolls
  11 adders
  2 white imps
  3 ufetubi
  An adder zombie (D:9)
  An adder skeleton (D:5)
  3 worms
  2 dart slugs
  7 leopard geckos
  35 orcs
  8 bats
  9 giant cockroaches
  11 hobgoblins
  3 quokkas
  5 ball pythons
  12 frilled lizards
  A giant cockroach zombie (D:5)
  26 goblins
  45 kobolds
  4 rats
337 creatures vanquished.

Vanquished Creatures (others)
  An orc (D:11)
  A kobold (D:9)
  7 plants (D:5)
9 creatures vanquished.

Grand Total: 346 creatures vanquished

Notes
Turn   | Place    | Note
-------+----------+-------------------------------------------
     0 | D:1      | Bliebski the Octopode Transmuter began the quest for the
                  | Orb.
     0 | D:1      | Reached XP level 1. HP: 13/13 MP: 3/3
   196 | D:1      | Reached XP level 2. HP: 18/18 MP: 3/5
   859 | D:1      | Reached XP level 3. HP: 22/23 MP: 4/6
  1483 | D:2      | Reached XP level 4. HP: 29/29 MP: 5/7
  2220 | D:3      | Noticed Natasha
  2228 | D:3      | Killed Natasha
  2229 | D:3      | Reached XP level 5. HP: 11/34 MP: 8/8
  2516 | D:3      | Found a broken altar of Ashenzari.
  2663 | D:3      | Noticed Robin
  2680 | D:3      | Killed Robin
  2960 | D:3      | Found a faded altar of an unknown god.
  3165 | D:3      | Noticed Jessica
  3171 | D:3      | Killed Jessica
  3340 | D:3      | Noticed Natasha
  3348 | D:3      | Killed Natasha
  3349 | D:3      | Reached XP level 6. HP: 27/41 MP: 8/10
  3477 | D:3      | Learned a level 3 spell: Spider Form
  3566 | D:4      | Noticed a phantom
  3628 | D:4      | Found a basalt altar of Yredelemnul.
  4336 | D:4      | Found a bloodstained altar of Trog.
  4417 | D:5      | Entered Level 5 of the Dungeon
  4480 | D:5      | Noticed a phantom
  4492 | D:5      | Found a glowing drain.
  4504 | Sewer    | Entered a sewer
  4717 | Sewer    | Found the +9 heavy crossbow "Sniper" {vorpal, Acc+∞ SInv}
  4728 | Sewer    | Reached XP level 7. HP: 32/46 MP: 10/12
  5099 | D:5      | Found a staircase to the Ecumenical Temple.
  5108 | Temple   | Entered the Ecumenical Temple
  5499 | Temple   | Became a worshipper of Gozag Ym Sagoz the Greedy
  5576 | D:3      | Noticed Natasha
  5580 | D:3      | Killed Natasha
  6484 | D:5      | Noticed Pikel
  6503 | D:5      | Killed Pikel
  6504 | D:5      | Reached skill level 5 in Dodging
  6504 | D:5      | Reached skill level 5 in Unarmed Combat
  6504 | D:5      | Reached XP level 8. HP: 27/54 MP: 12/14
  6692 | D:5      | You fall into a shaft and drop 2 floors!
  6831 | D:6      | Reached skill level 5 in Fighting
  6831 | D:6      | Reached skill level 1 in Crossbows
  7203 | D:6      | Reached skill level 5 in Spellcasting
  7208 | D:6      | Reached XP level 9. HP: 56/61 MP: 16/16
  7329 | D:6      | Noticed Blork the orc
  7342 | D:6      | Killed Blork the orc
  7881 | D:6      | Found an iron altar of Okawaru.
  7891 | D:6      | Found a hide-covered altar of Uskayaw.
  7891 | D:6      | Found an ornate altar of the Wu Jian Council.
  8247 | D:5      | Noticed Grinder
  8251 | D:5      | Killed Grinder
  8507 | D:6      | Learned a level 4 spell: Ice Form
  9593 | D:8      | Found a flagged portal.
  9604 | Bailey   | Entered a bailey
  9728 | Bailey   | Noticed an orc knight
 10388 | Bailey   | Reached skill level 5 in Transmutations
 10436 | Bailey   | Killed an orc knight
 10437 | Bailey   | Reached XP level 10. HP: 53/69 MP: 17/19
 11154 | D:8      | Learned a level 2 spell: Blink
 12036 | D:9      | Reached skill level 5 in Crossbows
 12036 | D:9      | Reached skill level 1 in Translocations
 12205 | D:9      | Noticed a two-headed ogre
 12236 | D:9      | Killed a two-headed ogre
 12237 | D:9      | Reached XP level 11. HP: 38/75 MP: 20/20
 12443 | D:9      | Noticed a two-headed ogre
 12810 | D:9      | Killed a two-headed ogre
 13457 | D:10     | Entered Level 10 of the Dungeon
 13529 | D:10     | Found Miwuut's Book Emporium.
 13544 | D:10     | Bought the ring of the Ten Tables {rElec rF+ rC+} for 782
                  | gold pieces
 13927 | D:10     | Found Huis's Gadget Shoppe.
 14237 | D:10     | Found Pisuicve's Magic Scroll Shoppe.
 14242 | D:10     | Bought a scroll of teleportation for 33 gold pieces
 14860 | D:10     | Bought a ring of the Octopus King {MP+9 AC+1 EV+1 Str+1
                  | Int+1 Dex+1} for 708 gold pieces
 14860 | D:10     | Found the ring of the Octopus King {MP+9 AC+1 EV+1 Str+1
                  | Int+1 Dex+1}
 14971 | D:11     | Noticed Harold
 14974 | D:11     | Noticed a two-headed ogre
 14984 | D:11     | Noticed a purple ugly thing
 15768 | D:10     | Killed a two-headed ogre
 15975 | D:11     | Noticed a brown ugly thing
 16031 | D:11     | Found Cuyzit's Antique Weapon Emporium.
 16093 | D:11     | Noticed a manticore
 16097 | D:11     | Killed a manticore
 16181 | D:10     | Killed a brown ugly thing
 16244 | D:10     | Killed a purple ugly thing
 16431 | D:11     | Found Sagrercho's Weapon Boutique.
 16529 | D:11     | Found Boxo's Distillery.
 16818 | D:11     | Found a staircase to the Lair.
 17011 | D:11     | Killed Harold
 17012 | D:11     | Reached XP level 12. HP: 77/84 MP: 21/21
 17231 | D:11     | Found Xiax's Armour Shoppe.
 17236 | D:11     | Noticed Josephine
 17254 | D:11     | HP: 2/84 [wraith[Josephine] (11)]
 17255 | D:11     | Mangled by a wraith

Illustrated notes

Levels and vault maps discovered:
D:1:      lightli_arrival_statuegarden, layout_basic
D:2:      layout_basic
D:3:      layout_loops_corners, lemuel_doored_altar,
          chequers_ecumenical_altar_simple_redux, uniq_natasha, uniq_jessica,
          uniq_robin
D:4:      layout_basic, overflow_temple_1_default, lemuel_coloured_pillars_altar
D:5:      layout_loops_corners, minmay_temple_entry_gardened_gates,
          portal_sewer_entry_f, uniq_pikel, uniq_grinder
D:6:      layout_basic, gammafunk_temple_overflow_forgotten, nrook_uturn,
          sigmund_army, uniq_blork_the_orc
D:7:      layout_cave_pools
D:8:      layout_loops_cross, enter_bailey_5, kennysheep_small_circle
D:9:      layout_loops_ring, st_stairs_5, grunt_decor_one_mirror
D:10:     layout_basic, serial_shops, shop_fountains, nicolae_shop_crystal,
          kennysheep_mini_moat
D:11:     layout_stronghold, erik_lair_island, serial_shops, shop,
          nicolae_shop_waterfront, shop_fountains, nicolae_shop_waterfront,
          shop_statue, kennysheep_generic_room_8, uniq_maurice, uniq_josephine,
          uniq_harold
Temple:   nicolae_temple_elliptical

Skill      XL: |  1  2  3  4  5  6  7  8  9 10 11 |
---------------+----------------------------------+-----
Fighting       | 2 3 4 5 6 7 8 |  8.4
Transmutations | 3 4 5 6 7 |  7.5
Dodging        | 3 5 6 7 8 |  8.7
Spellcasting   | 3 4 5 6 |  6.0
Unarmed Combat | 4 5 7 8 |  8.9
Crossbows      | 1 3 5 6 |  6.6
Translocations | 1 4 |  4.0

Action                   |  1- 3 |  4- 6 |  7- 9 | 10-12 || total
-------------------------+-------+-------+-------+-------++-------
Melee: Unarmed           |    17 |     8 |    91 |   457 ||   573
       Kick              |    11 |    18 |    54 |    37 ||   120
       Constrict         |    21 |    28 |    44 |    22 ||   115
       Tentacles         |     5 |    13 |    49 |    41 ||   108
       Dagger            |    49 |    98 |   148 |       ||   295
       Punch             |     1 |     3 |     8 |    16 ||    28
 Fire: Heavy crossbow    |       |       |    34 |    25 ||    59
Throw: Stone             |       |       |     7 |     1 ||     8
 Cast: Beastly Appendage |    20 |    21 |    36 |    15 ||    92
       Spider Form       |       |     3 |    11 |    34 ||    48
       Ice Form          |       |       |       |     4 ||     4
Invok: Call Merchant     |       |       |       |     1 ||     1
 Abil: End Transformatio |       |       |     1 |     2 ||     3
  Use: Scroll            |       |     9 |     3 |     5 ||    17
       Potion            |       |       |     2 |     3 ||     5
 Stab: Sleeping          |     8 |     9 |     9 |     3 ||    29
       Distracted        |       |       |     2 |     2 ||     4
Armor: Skin              |     7 |     8 |     2 |    16 ||    33
Dodge: Dodged            |    36 |    65 |   219 |   401 ||   721
Block: Other             |       |       |    26 |    97 ||   123
       Reflection        |       |       |     8 |     6 ||    14
